 Dungeon Crawl Stone Soup version 0.29-a0-88-g03a7b78be7 (webtiles) character file.

Game seed: 11944145888567441299

5 dmks the Digger (level 1, 10/10 HPs)
             Began as a Gargoyle Earth Elementalist on Feb 5, 2022.
             Was a Follower of Trog.
             Quit the game on level 1 of the Dungeon.
             The game lasted 00:00:40 (99 turns).

dmks the Digger (Gargoyle Earth Elementalist)         Turns: 99, Time: 00:00:40

Health: 10/10      AC:  4    Str: 11    XL:     1   Next: 80%
Magic:  3/3        EV: 12    Int: 15    God:    Trog [*.....]
Gold:   14         SH:  0    Dex: 10    Spells: 3/4 levels left

rFire   . . .      SeeInvis .   d - +0 dagger
rCold   . . .      Faith    .   (no shield)
rNeg    + . .      Spirit   .   b - +0 robe
rPois   ∞          Reflect  .   (no helmet)
rElec   +          Harm     .   (no cloak)
rCorr   .          Rampage  .   (no gloves)
Will    .....                   (no boots)
Stlth   ++........              (no amulet)
HPRegen 0.03/turn               (no ring)
MPRegen 0.08/turn               (no ring)

@: no status effects
A: sickness immunity, AC +2, negative energy resistance 1, electricity
resistance, torment resistance 1, petrification resistance
a: Renounce Religion, Berserk


You were on level 1 of the Dungeon.
You worshipped Trog.
Trog was aware of your devotion.
You visited 1 branch of the dungeon, and saw 1 of its levels.

You collected 14 gold pieces.

Inventory:

Hand Weapons
 d - a +0 dagger (weapon)
   (You took it off a goblin on level 1 of the Dungeon)
Missiles
 c - 27 stones
Armour
 b - a +0 robe (worn)
Scrolls
 a - a scroll of identify {unknown}
Potions
 e - a potion of flight {unknown}


   Skills:
 + Level 1.6 Dodging
 + Level 2.3 Stealth
 - Level 2.0 Spellcasting
 - Level 1.0 Transmutations
 - Level 3.8 Earth Magic


You had 3 spell levels left.
You knew the following spells:

 Your Spells              Type           Power      Damage    Failure   Level
a - Sandblast             Erth           24%        2d8       4%          1

Your spell library contained the following spells:

 Spells                   Type           Power      Damage    Failure   Level
 Passwall                 Tmut/Erth      6%         N/A       12%         2
 Stone Arrow              Conj/Erth      14%        3d7       30%         3
 Petrify                  Tmut/Erth      8%         N/A       63%         4


Dungeon Overview and Level Annotations

Branches:
Dungeon (1/15)

Altars:
Trog


Innate Abilities, Weirdness & Mutations

You are immune to sickness and miasma.
Your stone body is resilient. (AC +2)
You are immune to poison.
You resist negative energy. (rN+)
You are resistant to electric shocks. (rElec)
You are resistant to unholy torment.
You are immune to petrification.


Message History

You can't see any susceptible monsters within range! (Use Z to cast anyway.)
You can't see any susceptible monsters within range! (Use Z to cast anyway.)
You can't see any susceptible monsters within range! (Use Z to cast anyway.)
You can't see any susceptible monsters within range! (Use Z to cast anyway.)
A giant cockroach comes into view.
The giant cockroach moves out of view.
Aim: a quokka (71% to hit)
The blast of sand hits the quokka!
You kill the quokka!
A goblin is nearby!
Aim: a goblin, wielding a +0 dagger (asleep, 100% to hit)
The blast of sand hits the goblin.
You kill the goblin!
A giant cockroach is nearby!
Aim: a giant cockroach (79% to hit)
The blast of sand hits the giant cockroach.
You kill the giant cockroach!
Your Transmutations skill increases to level 1!
Found a whip.
A hobgoblin comes into view.
The hobgoblin shouts!
Things that are here:
a +0 dagger; a goblin corpse
d - a +0 dagger
d - a +0 dagger (weapon)
A hobgoblin is nearby!
The hobgoblin hits you but does no damage.
You closely miss the hobgoblin. The hobgoblin closely misses you.
You hit the hobgoblin but do no damage.
The hobgoblin hits you but does no damage.
You hit the hobgoblin but do no damage.
The hobgoblin hits you but does no damage.
You hit the hobgoblin but do no damage. The hobgoblin barely misses you.
You closely miss the hobgoblin. The hobgoblin hits you.
You hit the hobgoblin but do no damage.
The hobgoblin hits you but does no damage.
You hit the hobgoblin. The hobgoblin closely misses you.
You hit the hobgoblin.
You kill the hobgoblin!
No target in view!
Found a faded altar of an unknown god.
Found a fuming puce potion.
e - a fuming puce potion A frilled lizard comes into view.
You can't see any susceptible monsters within range! (Use Z to cast anyway.)
There is a faded altar of an unknown god here.
You cannot tell which god this altar belongs to.
Convert to them anyway?
Trog accepts your prayer! Trog welcomes you!
You can now go berserk at will.

.... #####..# ## #
# #...#..#..#
#.#.#.#.#.....#
#.#.#.#.#.###..#
#..............#
......#.#..###...#
.....#.#.#..# ..#
#.#..#@#...# .#
+...#.#.#.)# l#
##..#.#...# # ##
#........# .#
#......#.# .#
#......#.# .#
#......#.# (#
##†#####.. # ##.#
#..# .#


There were no monsters in sight!

Vanquished Creatures
  A giant cockroach (D:1)
  A goblin (D:1)
  A hobgoblin (D:1)
  A quokka (D:1)
4 creatures vanquished.

Notes
Turn   | Place    | Note
-------+----------+-------------------------------------------
     0 | D:1      | dmks the Gargoyle Earth Elementalist began the quest for
                  | the Orb.
     0 | D:1      | Reached XP level 1. HP: 10/10 MP: 3/3
    45 | D:1      | Reached skill level 1 in Transmutations
    79 | D:1      | Found a faded altar of an unknown god.
    98 | D:1      | Prayed at the altar of an unknown god.
    98 | D:1      | Became a worshipper of Trog the Wrathful
    98 | D:1      | Reached * piety under Trog
    99 | D:1      | Quit the game

Illustrated notes

Levels and vault maps discovered:
D:1:      minmay_arrival_diagonal_passages, layout_basic,
          chequers_ecumenical_altar_simple_redux, serial_bayou_pond_b

Skill      XL: |  1 |
---------------+----+-----
Transmutations | 1 |  1.0
Dodging        | |  1.6
Stealth        | |  2.3
Spellcasting   | |  2.0
Earth Magic    | |  3.8

Action                   || total
-------------------------++-------
Melee: Dagger            ||     8
 Cast: Sandblast         ||     3
Armor: Robe              ||     4
Dodge: Dodged            ||     3

Table legend: (Time is in decaauts)
 A = Elapsed time spent in this place.
 B = Non-inter-level travel time spent in this place.
 C = Inter-level travel time spent in this place.
 D = Time resting spent in this place.
 E = Time spent auto-exploring this place.
 F = Levels seen in this place.
 G = Mean time per level.
                   A        B        C        D        E       F      G
               +--------+--------+--------+--------+--------+-----+--------+
         Total |     98 |     98 |      0 |      0 |     64 |   1 |   98.0 |
       Dungeon |     98 |     98 |      0 |      0 |     64 |   1 |   98.0 |
               +--------+--------+--------+--------+--------+-----+--------+

Top non-repeatable levels by time:
     D:1: 98 daAuts
